 Dungeon Crawl Stone Soup version 0.31-a0-1127-ge7b2bbabab (webtiles) character file.

Game seed: 588490106202755077

1136 bastapasta the Slasher (level 8, -12/56 (61) HPs)
             Began as a Human Fighter on Dec 5, 2023.
             Was a Follower of Qazlal.
             Mangled by Menkaure (19 damage)
             ... on level 6 of the Dungeon.
             The game lasted 00:24:24 (4326 turns).

bastapasta the Slasher (Human Fighter)              Turns: 4326, Time: 00:24:25

HP:   -12/56 (61)   AC:  9    Str: 16    XL:     8   Next: 63%
MP:   0/8           EV:  8    Int:  8    God:    Qazlal [*.....]
Gold: 294           SH:  8    Dex: 16    Spells: 7/7 levels left

rFire   . . .        a - +1 long sword
rCold   . . .        c - +1 buckler
rNeg    . . .        s - +0 chain mail
rPois   +            (no helmet)
rElec   .            (no cloak)
rCorr   .            (no gloves)
SInv    .            (no boots)
Will    .....        h - amulet of guardian spirit Stlth
                     q - ring of poison resistance
HPRegen 0.29/turn    (no ring)
MPRegen 0.11/turn

%: guardian spirit
@: drained
A: no striking features
a: Renounce Religion


You were on level 6 of the Dungeon.
You worshipped Qazlal.
Qazlal was aware of your devotion.
You visited 1 branch of the dungeon, and saw 6 of its levels.

You collected 344 gold pieces.
You spent 50 gold pieces at shops.

Inventory:

Hand Weapons
 a - a +1 long sword (weapon)
 u - a +3 great sword
Missiles
 j - 17 poisoned darts
 l - 5 datura-tipped darts
Armour
 c - a +1 buckler (worn)
 s - a +0 chain mail (worn)
Jewellery
 h - an amulet of guardian spirit (around neck)
 p - an amulet of magic regeneration
 q - a ring of poison resistance (left hand)
Scrolls
 b - a scroll of vulnerability
 f - 2 scrolls of teleportation
 g - 2 scrolls of butterflies
 k - 4 scrolls of poison
 o - a scroll of identify
 t - a scroll of noise {unknown}
Potions
 d - a potion of might
 e - a potion of enlightenment
 i - a potion of mutation
 m - a potion of curing
 n - a potion of heal wounds
 r - a potion of lignification {unknown}


   Skills:
 * Level 4.7 Fighting
 * Level 6.2 Long Blades
 * Level 5.4 Armour
 * Level 2.2 Dodging
 - Level 2.2 Stealth
 * Level 4.3 Shields


You had 7 spell levels left.
You didn't know any spells.
Your spell library contained the following spells:

 Spells                   Type           Power      Damage    Failure   Level
 Vhi's Electric Charge    Tloc/Air       0%         N/A       100%        4
 Arcjolt                  Conj/Air       0%         1d10      100%        5
 Plasma Beam              Fire/Air       0%         2x1d10    100%        6


Dungeon Overview and Level Annotations

Branches:
Dungeon (6/15)
 Temple: D:4-7

Altars:
Cheibriados
Elyvilon
Fedhas
Makhleb
Qazlal
Ru
Sif Muna
Xom
Yredelemnul
The Shining One

Shops:
D:4 !

Annotations:
D:5 Pikel
D:6 Menkaure


Message History

HP restored.
Things that are here:
a +3 great sword; a +0 robe
u - a +3 great sword You can't wield that with only one hand.
There is a stone staircase leading down, spattered with blood here.
You climb downwards.
Level annotation: Menkaure
There is a stone staircase leading up, spattered with blood here.
You closely miss the wight.
The iguana hisses angrily.
Menkaure casts a spell at you. Pain shoots through your body!
You slash the wight!
The wight is heavily damaged.
The wight barely misses you.
The wight hits you with a +0 great sword!
You feel drained. Menkaure casts a spell at you. Pain shoots through your body!
You block Menkaure's attack.
You slash Menkaure!
Menkaure is moderately damaged.
The iguana is engulfed in freezing vapours.
The iguana bites you but does no damage.
The wight hits you with a +0 great sword!
You block Menkaure's attack.
You slash Menkaure!
Menkaure is severely damaged.
The iguana is engulfed in freezing vapours.
You kill the iguana!
Qazlal accepts your kill.
The wight hits you with a +0 great sword.
Menkaure gestures at you while chanting.
Pain shoots through your body!
* * * LOW HITPOINT WARNING * * *
You hit Menkaure but do no damage.
Menkaure is severely damaged.
The wight barely misses you. Menkaure hits you!!
You die...

#...# #...# #####...#
### ### #...#...###
#.# ...
#)#...<.o.###.###.#
#)#.....#M#.#.....##.#
#.#.#...#.#.#..<.....#
#.#.#...#)#.#z.#######
#.#...#o..[.M@/..#
#.#########.#°##.#####
#..# ##z..l.....# ####
....#..o..#.#
..#.........#
...#.#.⌠.⌠.#.# ..
#.........# ..
#.#.....#.#
......_....#


You could see Menkaure, 2 wights and an orc.

Vanquished Creatures
  Sigmund (D:3)
  A water moccasin (D:4)
  A lemure (D:4)
  A phantom (D:6)
  A scorpion (D:5)
  2 wights (D:5)
  A hound (D:4)
  4 orc priests
  A gnoll bouda (D:5)
  6 orc wizards
  Terence (D:3)
  2 iguanas
  Natasha (D:3)
  8 gnolls
  4 adders
  2 worms
  5 dart slugs
  13 orcs
  5 endoplasms
  2 giant cockroaches
  5 goblins
  4 hobgoblins
  2 jackals (D:2)
  9 kobolds
  5 quokkas
  5 ball pythons
  5 bats
  7 frilled lizards
  A goblin zombie (D:3)
  A kobold zombie (D:3)
  5 rats
111 creatures vanquished.

Notes
Turn   | Place    | Note
-------+----------+-------------------------------------------
     0 | D:1      | bastapasta the Human Fighter began the quest for the Orb.
     0 | D:1      | Reached XP level 1. HP: 18/18 MP: 1/1
   231 | D:1      | Reached XP level 2. HP: 23/24 MP: 2/2
   464 | D:1      | Reached skill level 1 in Stealth
   464 | D:1      | Reached XP level 3. HP: 3/29 MP: 0/3
  1337 | D:2      | Reached XP level 4. HP: 35/35 MP: 4/4
  1497 | D:3      | Noticed Terence
  1507 | D:3      | Killed Terence
  1539 | D:3      | Found a burning altar of Makhleb.
  1558 | D:3      | Found a sacrificial altar of Ru.
  1559 | D:3      | Noticed Sigmund
  1562 | D:3      | Reached skill level 3 in Long Blades
  1562 | D:3      | Reached XP level 5. HP: 37/41 MP: 3/5
  1572 | D:3      | Killed Sigmund
  1573 | D:3      | Reached skill level 4 in Long Blades
  1573 | D:3      | Reached XP level 6. HP: 25/48 MP: 3/6
  1675 | D:3      | Noticed an Executioner
  1678 | D:3      | Noticed a smoke demon
  1678 | D:3      | Noticed a neqoxec
  1738 | D:3      | Found a blossoming altar of Fedhas.
  1811 | D:3      | Noticed Natasha
  1816 | D:3      | Killed Natasha
  1859 | D:3      | Found a snail-covered altar of Cheibriados.
  1886 | D:3      | Found a runed translucent door.
  1886 | D:3      | Noticed a human
  1898 | D:3      | Found a basalt altar of Yredelemnul.
  2205 | D:4      | Found a stormy altar of Qazlal.
  2225 | D:4      | Became a worshipper of Qazlal Stormbringer
  2252 | D:4      | Reached skill level 1 in Dodging
  2279 | D:4      | Reached XP level 7. HP: 35/53 MP: 5/7
  2351 | D:4      | Found Huthru's Distillery.
  2355 | D:4      | Bought a potion of heal wounds for 50 gold pieces
  2913 | D:4      | Found a glowing golden altar of the Shining One.
  2951 | D:5      | Entered Level 5 of the Dungeon
  2951 | D:5      | Noticed a water moccasin
  3044 | D:4      | Killed a water moccasin
  3045 | D:4      | Reached skill level 5 in Long Blades
  3258 | D:5      | Noticed Pikel
  3283 | D:6      | Reached XP level 8. HP: 34/60 MP: 5/8
  3356 | D:6      | Found a white marble altar of Elyvilon.
  3358 | D:6      | Noticed Menkaure
  3395 | D:5      | Found a shimmering altar of Xom.
  3669 | D:6      | Reached skill level 5 in Armour
  3675 | D:6      | Reached * piety under Qazlal
  3977 | D:5      | Reached skill level 6 in Long Blades
  3989 | D:5      | Found a shimmering blue altar of Sif Muna.
  4151 | D:5      | HP: 2/57 [wight/+2 battleaxe of freezing (2)]
  4326 | D:6      | Mangled by Menkaure

Illustrated notes

Levels and vault maps discovered:
D:1:      lemuel_arrival_rhombus, layout_loops_corners, nicolae_the_louvre
D:2:      layout_rooms, minmay_fractal_squares_gapless_5
D:3:      layout_basic, mainiacjoe_overflow_chevrons, fedhas_ov_isle_minmay,
          nicolae_ru_great_annihilating_truth, dk_yredelemnul_ordeal,
          makhleb_altar_promises_db, uniq_sigmund, uniq_natasha, uniq_terence
D:4:      layout_loops_ring, marbit_many_paths, mainiacjoe_overflow_alcove_4,
          serial_shops, shop
D:5:      layout_basic, lemuel_doored_altar, kennysheep_orc_sif_temple,
          minmay_temple_entry_nine_rooms, minmay_misc_feat_diagonals,
          hangedman_decor_points, uniq_pikel
D:6:      layout_basic, grunt_dithmenos_smoke_and_mirrors, elyvilon_altar_5,
          serial_corexii_hall, chequers_hall_statues_corner_a,
          corexii_hall_statues_x, mainiacjoe_sewer_entry_somewhere_in_here_2,
          uniq_menkaure, uniq_crazy_yiuf_cottage

Skill      XL: |  1  2  3  4  5  6  7  8 |
---------------+-------------------------+-----
Stealth        | 1 2 |  2.2
Long Blades    | 3 4 5 6 |  6.2
Armour         | 4 5 |  5.4
Dodging        | 1 2 |  2.2
Fighting       | 4 |  4.7
Shields        | 4 |  4.3

Action                     |  1- 3 |  4- 6 |  7- 9 || total
---------------------------+-------+-------+-------++-------
  Melee: Long sword        |   107 |   106 |   218 ||   431
    Use: Scroll            |     5 |     5 |     1 ||    11
         Potion            |       |       |     3 ||     3
   Stab: Paralysed         |       |     2 |       ||     2
 Armour: Scale mail        |    87 |    70 |    92 ||   249
         Chain mail        |       |       |    91 ||    91
  Dodge: Dodged            |    50 |    29 |    54 ||   133
  Block: Buckler           |    29 |    24 |    76 ||   129

Table legend: (Time is in decaauts)
 A = Elapsed time spent in this place.
 B = Non-inter-level travel time spent in this place.
 C = Inter-level travel time spent in this place.
 D = Time resting spent in this place.
 E = Time spent auto-exploring this place.
 F = Levels seen in this place.
 G = Mean time per level.
                   A        B        C        D        E       F      G
               +--------+--------+--------+--------+--------+-----+--------+
         Total |   4432 |   3608 |    824 |    673 |    663 |   6 |  738.7 |
       Dungeon |   4432 |   3608 |    824 |    673 |    663 |   6 |  738.7 |
               +--------+--------+--------+--------+--------+-----+--------+

Top non-repeatable levels by time:
     D:4: 1332 daAuts
     D:1: 1004 daAuts
     D:5: 785 daAuts
     D:3: 665 daAuts
     D:2: 482 daAuts
     D:6: 162 daAuts
